 Dungeon Crawl Stone Soup version 0.17-a0-1378-g281efdd (webtiles) character file.

5136 Fluffy the Basher (level 10, -3/61 HPs)
             Began as a Gargoyle Fighter on June 14, 2015.
             Was a Priest of Okawaru.
             Killed by divine providence
             ... invoked by an orc priest
              (13 damage)
             ... on level 9 of the Dungeon.
             The game lasted 00:21:08 (9351 turns).

Fluffy the Basher (Gargoyle Fighter)                Turns: 9351, Time: 00:21:09

Health: -3/61      AC: 31    Str: 19    XL:     10   Next: 58%
Magic:  13/13      EV:  8    Int: 10    God:    Okawaru [***...]
Gold:   429        SH:  9    Dex: 12    Spells: 0 memorised, 9 levels left

rFire  + . .     SeeInvis .     a - +1 flail
rCold  . . .     Clarity  .     t - +0 plate armour
rNeg   + . .     SustAt   .     y - +2 buckler {rF+}
rPois  ∞         Gourm    .     (no helmet)
rElec  +         Spirit   .     (no cloak)
rCorr  .         Warding  .     A - +0 pair of gloves
rMut   .         Stasis   .     j - +0 pair of boots
MR     .....                    (no amulet)
Stlth  ..........               c - +3 ring of protection
                                f - +3 ring of protection

@: heroism, not resistant to hostile enchantments, extremely unstealthy
A: negative energy resistance 1, electricity resistance, unbreathing,
petrification resistance, rot immunity, AC +7
a: Heroism, Renounce Religion


You were on level 9 of the Dungeon.
You worshipped Okawaru.
Okawaru was most pleased with you.
You were hungry.

You visited 2 branches of the dungeon, and saw 10 of its levels.

You collected 429 gold pieces.

Inventory:

Hand weapons
 a - a +1 flail (weapon)
Armour
 j - a +0 pair of boots (worn)
 t - a +0 plate armour (worn)
 y - a +2 buckler of fire resistance (worn)
 A - a +0 pair of gloves (worn)
Jewellery
 c - a +3 ring of protection (right hand)
 f - a +3 ring of protection (left hand)
Magical devices
 r - a wand of magic darts (27)
 C - a wand of draining (7)
 D - a wand of disintegration (4)
Scrolls
 h - 2 scrolls of teleportation
 l - 6 scrolls of remove curse
 o - a scroll of magic mapping
 q - 3 scrolls of identify
 B - a scroll of recharging
Potions
 d - 2 potions of might
 g - a potion of magic
 m - a potion of flight
 n - 5 potions of curing
 s - a potion of brilliance
 w - a potion of resistance
 z - a potion of cure mutation
Books
 x - a book of Maledictions

   Spells                             Type                      Level
   a - Corona                         Hexes                        1
   b - Ensorcelled Hibernation        Hexes/Ice                    2
   c - Confuse                        Hexes                        3
   d - Tukima's Dance                 Hexes                        3
   e - Dazzling Spray                 Conjuration/Hexes            3
Comestibles
 b - 4 fruits
 e - 10 bread rations
 i - 3 slices of pizza
 k - 9 beef jerkies
 p - 3 meat rations


   Skills:
 + Level 6.5(11.5) Fighting
 + Level 11.4(16.4) Maces & Flails
 + Level 6.7(11.7) Armour
 + Level 6.5(11.5) Shields
 + Level 5.0 Invocations


You had 9 spell levels left.
You didn't know any spells.

Dungeon Overview and Level Annotations

Branches:
Dungeon (9/15)             Temple (1/1) D:6
   Lair: D:8-11         Orc: D:9-12

Altars:
Ashenzari
Cheibriados
Dithmenos
Elyvilon
Fedhas
Gozag
Kikubaaqudgha
Makhleb
Nemelex Xobeh
Okawaru
Qazlal
Ru
Sif Muna
Trog
Vehumet
Xom
Yredelemnul
Zin
The Shining One


Innate Abilities, Weirdness & Mutations

You are resistant to torment.
Your stone body is resilient (AC +7).
You are immune to poison.
You resist negative energy.
You are resistant to electric shocks.
You can survive without breathing.
You are immune to petrification.
You are immune to rotting.


Message History

The orc priest utters an invocation to Beogh.
You feel troubled.
The orc priest hits you but does no damage.
The orc priest mumbles some strange prayers to Beogh against you.
Pain shoots through your body!
* * * LOW HITPOINT WARNING * * *
Items here: ( )))) [[[ ÷ †† You completely miss the orc priest.
The orc priest hits you but does no damage. x2
You barely miss the orc priest.
The orc priest hits you but does no damage.
You sock the orc priest!
The orc priest is almost dead.
The orc priest hits you but does no damage.
You hit the orc priest.
You kill the orc priest!
Okawaru accepts your kill.
The orc priest mumbles some strange prayers to Beogh against you.
Something smites you!
You die...

# #†# #.#
#...########
# #.# #.#
#......o....
########.#
#.#
#..oo.(o.oo.
.........#
#.#
#.(.########
.........#
#.# #.o.# #
.........#
#.# #.o.# #
.........#
#(# #...# #
.....<...#
#.# #...# #
.........#
#@#####...#
# .........#
#oo.......#
# .........#
#.........#
# .........#
#.#####...#
# .........#
#.# #...# #
.........#
#.# #...# #
.........#
#.# #...# #
.........#
#.# #...# #
.........#
#.# #...# #


You could see an orc priest and an orc.

Vanquished Creatures
  2 trolls
  Prince Ribbit (D:8)
  A trapdoor spider zombie (D:6)
  The ghost of Fluffy the Cudgeler, an average GrFi (D:4)
  Duvessa (D:4)
  A phantom (D:8)
  2 necrophages (D:7)
  2 ice beasts (D:6)
  A black bear (D:9)
  7 ogres
  2 orc warriors
  A wasp (D:9)
  A sky beast (D:5)
  2 big kobolds
  6 giant frogs
  Dowan (D:4)
  11 killer bees
  5 scorpions
  4 wights (D:8)
  2 crimson imps
  A centaur zombie (D:6)
  A jelly (D:7)
  A centaur skeleton (D:3)
  A giant frog skeleton (D:8)
  4 orc priests
  A hound (D:6)
  Jessica (D:3)
  A quasit (D:8)
  8 orc wizards
  7 worker ants
  2 hound zombies
  A hound skeleton (D:8)
  A worker ant zombie (D:7)
  5 gnolls
  9 adders
  2 shadow imps (D:9)
  3 adder skeletons
  6 worms
  3 giant geckos
  18 orcs
  2 bat skeletons
  A bat zombie (D:8)
  10 giant cockroaches
  12 hobgoblins
  3 jackals (D:1)
  22 kobolds
  12 bats
  5 giant newts
  15 goblins
  3 quokkas
  11 rats
226 creatures vanquished.

Notes
Turn   | Place    | Note
--------------------------------------------------------------
     0 | D:1      | Fluffy the Gargoyle Fighter began the quest for the Orb.
     0 | D:1      | Reached XP level 1. HP: 14/14 MP: 1/1
    31 | D:1      | Reached XP level 2. HP: 19/19 MP: 2/2
   237 | D:1      | Reached XP level 3. HP: 23/23 MP: 3/3
   529 | D:2      | Found a faded altar to an unknown god.
   541 | D:2      | Reached skill level 4 in Maces & Flails
   816 | D:2      | Reached XP level 4. HP: 28/28 MP: 4/4
   961 | D:2      | Found a sacrificial altar of Ru.
  1414 | D:3      | Reached skill level 5 in Maces & Flails
  1414 | D:3      | Reached XP level 5. HP: 11/32 MP: 5/5
  1668 | D:3      | Reached skill level 6 in Maces & Flails
  1668 | D:3      | Reached XP level 6. HP: 34/37 MP: 6/6
  1718 | D:3      | Noticed Jessica
  1748 | D:3      | Killed Jessica
  2251 | D:4      | Noticed Fluffy's ghost (average GrFi)
  2339 | D:4      | Reached skill level 7 in Maces & Flails
  2393 | D:4      | Noticed Duvessa
  2451 | D:4      | Killed Fluffy's ghost
  2451 | D:4      | Reached XP level 7. HP: 9/41 MP: 7/7
  2807 | D:4      | Reached skill level 8 in Maces & Flails
  3061 | D:4      | Noticed Dowan
  3071 | D:4      | Killed Dowan
  3101 | D:4      | Killed Duvessa
  3880 | D:5      | Entered Level 5 of the Dungeon
  3982 | D:5      | Reached skill level 9 in Maces & Flails
  3982 | D:5      | Reached XP level 8. HP: 37/46 MP: 8/8
  4645 | D:6      | Found an opulent altar of Gozag.
  4940 | D:6      | Reached skill level 10 in Maces & Flails
  5055 | D:6      | Found a staircase to the Ecumenical Temple.
  5061 | Temple   | Entered the Ecumenical Temple
  5144 | Temple   | Became a worshipper of Warmaster Okawaru
  5465 | D:6      | Reached skill level 1 in Invocations
  5631 | D:6      | Reached XP level 9. HP: 46/52 MP: 8/10
  5897 | D:7      | Acquired Okawaru's first power
  6714 | D:7      | Reached skill level 5 in Armour
  6721 | D:7      | Reached skill level 5 in Fighting
  6843 | D:7      | HP: 1/54 [ogre/giant spiked club (20)]
  6844 | D:7      | Reached skill level 5 in Shields
  7144 | D:7      | Reached skill level 11 in Maces & Flails
  7746 | D:7      | Reached XP level 10. HP: 57/59 MP: 11/13
  8028 | D:8      | Noticed Prince Ribbit
  8059 | D:8      | Killed Prince Ribbit
  9332 | D:9      | HP: 3/61 [orc priest/divine providence (10)]
  9335 | D:9      | Reached skill level 5 in Invocations
  9351 | D:9      | Killed from afar by an orc priest

Vault maps used:
D:1:      minmay_arrival_shattered_statue
D:2:      ecumenical_altar_2, nicolae_ru_path_of_blood
D:3:      first_bread, uniq_jessica
D:4:      uniq_duvessa
D:6:      kennysheep_mini_moat, temple_green, kennysheep_minor_cross
D:7:      grunt_ogre_cave
D:8:      uniq_prince_ribbit1
Temple:   kilobyte_greek_temple_18

Action                   |  1- 3 |  4- 6 |  7- 9 | 10-12 || total
-------------------------+-------+-------+-------+-------++-------
Melee: Flail             |    82 |   220 |   512 |   308 ||  1122
Invok: Heroism           |       |       |       |     1 ||     1
Evoke: Wand              |       |     5 |     1 |       ||     6
  Use: Potion            |       |     1 |       |     1 ||     2
       Scroll            |       |     5 |    10 |     2 ||    17
  Eat: Chunk             |       |     5 |    15 |     7 ||    27
       Fruit             |       |       |     1 |       ||     1
